 Dungeon Crawl Stone Soup version 0.19.5 (webtiles) character file.

2127 Jerry the Martial Artist (level 9, -1/57 HPs)
             Began as an Octopode Transmuter on Apr 17, 2017.
             Was a Believer of Okawaru.
             Slain by a killer bee (8 damage)
             ... on level 6 of the Dungeon on Apr 18, 2017.
             The game lasted 00:34:48 (9477 turns).

Jerry the Martial Artist (Octopode Transmuter)      Turns: 9477, Time: 00:34:49

Health: -1/57      AC:  1    Str: 10    XL:     9   Next: 29%
Magic:  14/16      EV: 18    Int: 16    God:    Okawaru [**....]
Gold:   242        SH:  0    Dex: 16    Spells: 3 memorised, 12 levels left

rFire  . . .     SeeInvis .       - Unarmed
rCold  . . .     Gourm    .     (no shield)
rNeg   . . .     Faith    .     (helmet restricted)
rPois  .         Spirit   .     (no amulet)
rElec  .         Reflect  .     (no ring)
rCorr  .         Harm     .     (no ring)
MR     +....     Rnd*Rage +     (no ring)
Stlth  ++++......               (no ring)
                                (no ring)
                                (no ring)
                                (no ring)
                                (no ring)

@: lethally poisoned (-1 -> -4), appendage (expiring), heroism
A: almost no armour, stealthy swim, amphibious, 8 rings, constrict 8, tentacle
spike 3, camouflage 1, agile 1, berserk 1, magic resistance 1, gelatinous body 1
a: End Transformation, Heroism, Renounce Religion


You were on level 6 of the Dungeon.
You worshipped Okawaru.
Okawaru was pleased with you.
You were hungry.
One of your tentacles had a temporary spike.
You visited 1 branch of the dungeon, and saw 7 of its levels.

You collected 242 gold pieces.

Inventory:

Hand Weapons
 B - a +2 shortbow of velocity
Missiles
 a - 59 arrows
Wands
 l - a wand of confusion (13/48)
 v - a wand of paralysis (14/24)
Scrolls
 e - 2 scrolls of enchant armour
 o - 2 scrolls of teleportation
Potions
 h - a potion of beneficial mutation {unknown}
 i - 3 potions of lignification {unknown}
 j - a potion of magic
 m - a potion of degeneration {unknown}
 p - a potion of brilliance
 r - a potion of ambrosia {unknown}
 s - 3 potions of curing
 t - 2 potions of invisibility {unknown}
 u - a potion of flight {unknown}
 w - a potion of agility {unknown}
 z - a potion of might {unknown}
 A - a potion of haste {unknown}
Books
 b - a book of Changes

   Spells                             Type                      Level
   a - Beastly Appendage              Transmutation                1
   b - Sticks to Snakes               Transmutation                2
   c - Spider Form                    Transmutation/Poison         3
   d - Ice Form                       Ice/Transmutation            4
   e - Blade Hands                    Transmutation                5
Comestibles
 c - 3 bread rations
 d - a slice of pizza
 g - 5 meat rations
 n - 2 royal jellies
 q - 3 fruits


   Skills:
 - Level 3.2(8.2) Fighting
 - Level 2.0(7.0) Dodging
 * Level 8.5(13.5) Unarmed Combat
 + Level 5.3 Spellcasting
 + Level 6.0 Transmutations
 - Level 2.7 Invocations


You had 12 spell levels left.
You knew the following spells:

 Your Spells              Type           Power        Failure   Level  Hunger
a - Beastly Appendage     Tmut           ###...       1%          1    None
b - Sticks to Snakes      Tmut           ###.....     1%          2    #......
c - Spider Form           Tmut/Pois      ##........   14%         3    ###....


Dungeon Overview and Level Annotations

Branches:
Dungeon (7/15)             Temple (0/1) D:5

Altars:
Gozag
Nemelex Xobeh
Okawaru
Ru


Innate Abilities, Weirdness & Mutations

You cannot wear most types of armour.
You are very stealthy in the water. (Stealth+)
You are amphibious.
You can wear up to eight rings at the same time.
You can use your tentacles to constrict eight enemies at once.
Your skin changes colour to match your surroundings (Stealth+).
Your rubbery body absorbs attacks. (AC +1, EV +1)
One of your tentacles bears a large vicious spike.
You are agile. (Dex +2)
You tend to lose your temper in combat.
You are resistant to hostile enchantments. (MR+)


Message History

The killer bee completely misses you. x2
You barely miss the killer bee. You tentacle-slap the killer bee.
The killer bee is severely wounded.
You constrict the killer bee, but do no damage.
The killer bee closely misses you. The killer bee barely misses you.
The killer bee stings you.
* * * LOW HITPOINT WARNING * * *
You tentacle-slap the killer bee.
You pierce the killer bee, but do no damage.
The killer bee is severely wounded.
You constrict the killer bee. The killer bee misses you.
The killer bee closely misses you. The killer bee stings you.
* * * LOW HITPOINT WARNING * * *
The killer bee completely misses you.
You bludgeon the killer bee!
You kill the killer bee!
Okawaru accepts your kill.
Your Transmutations skill increases to level 6!
You feel sick. The killer bee stings you!
You die...

#.....# ####...###...
#.....###....### #...
#.........##.# #...
#............# #..)
#######......####### #...
#............## ######
#..........#..########.....
#..........##.....##...####
#........y@######....###
#........†.# ######
############


You could see a killer bee.

Vanquished Creatures
  Grinder (D:3)
  A hippogriff (D:4)
  Sigmund (D:2)
  Eustachio (D:6)
  A sky beast (D:5)
  2 ogres
  A centaur (D:5)
  Blork the orc (D:6)
  2 bullfrogs (D:5)
  2 scorpions (D:4)
  4 killer bees
  2 howler monkeys
  A bullfrog zombie (D:5)
  3 hounds
  6 orc priests
  Jessica (D:3)
  Ijyb (D:2)
  An orc wizard (D:4)
  2 worker ants
  4 adders
  7 gnolls
  A shadow imp (D:5)
  An ooze (D:2)
  An adder zombie (D:5)
  2 worms (D:2)
  2 dart slugs
  3 leopard geckos
  11 orcs
  A ball python (D:6)
  4 bats
  8 giant cockroaches
  9 goblins
  7 hobgoblins
  6 jackals
  A quokka (D:2)
  5 frilled lizards
  2 kobolds
  A quokka skeleton (D:7)
  A quokka zombie (D:5)
  13 rats
124 creatures vanquished.

Vanquished Creatures (collateral kills)
  An orc (D:5)
1 creature vanquished.

Grand Total: 125 creatures vanquished

Notes
Turn   | Place    | Note
-------+----------+-------------------------------------------
     0 | D:1      | Jerry the Octopode Transmuter began the quest for the Orb.
     0 | D:1      | Reached XP level 1. HP: 13/13 MP: 3/3
   100 | D:1      | Reached XP level 2. HP: 12/18 MP: 5/5
   635 | D:2      | Learned a level 2 spell: Sticks to Snakes
  1068 | D:2      | Reached XP level 3. HP: 20/23 MP: 4/6
  1463 | D:2      | Reached XP level 4. HP: 16/29 MP: 7/7
  1956 | D:2      | Noticed Sigmund
  1968 | D:2      | Killed Sigmund
  1968 | D:2      | Reached skill level 4 in Unarmed Combat
  1968 | D:2      | Reached XP level 5. HP: 12/35 MP: 7/9
  1968 | D:2      | Reached XP level 6. HP: 14/41 MP: 7/10
  2164 | D:2      | Noticed Ijyb
  2188 | D:2      | Killed Ijyb
  2567 | D:3      | Noticed Grinder
  2646 | D:3      | Noticed Jessica
  2654 | D:3      | Killed Jessica
  2746 | D:3      | Paralysed by Grinder for 3 turns
  2753 | D:3      | Killed Grinder
  2753 | D:3      | Reached skill level 5 in Unarmed Combat
  2753 | D:3      | Reached XP level 7. HP: 29/46 MP: 6/11
  2872 | D:3      | Found an iron altar of Okawaru.
  2895 | D:3      | Became a worshipper of Warmaster Okawaru
  3799 | D:4      | Noticed a hippogriff
  3810 | D:4      | Killed a hippogriff
  3810 | D:4      | Reached skill level 1 in Invocations
  4169 | D:4      | Reached skill level 6 in Unarmed Combat
  4632 | D:4      | Reached * piety under Okawaru
  4632 | D:4      | Reached XP level 8. HP: 25/52 MP: 13/13
  4847 | D:4      | Found a faded altar of an unknown god.
  4847 | D:4      | Found a sacrificial altar of Ru.
  4857 | D:4      | Found a faded altar of an unknown god.
  4993 | D:4      | Found a faded altar of an unknown god.
  4995 | D:4      | Found a faded altar of an unknown god.
  5713 | D:4      | Learned a level 3 spell: Spider Form
  5875 | D:5      | Entered Level 5 of the Dungeon
  6082 | D:5      | Reached skill level 5 in Transmutations
  6473 | D:5      | Reached skill level 7 in Unarmed Combat
  7142 | D:5      | Found a staircase to the Ecumenical Temple.
  7829 | D:5      | Reached ** piety under Okawaru
  8049 | D:5      | Gained mutation: You are resistant to hostile enchantments. (MR+) [potion of mutation]
  8049 | D:5      | Gained mutation: You are agile. (Dex +2) [potion of mutation]
  8049 | D:5      | Gained mutation: You tend to lose your temper in combat. [potion of mutation]
  8455 | D:6      | Found an opulent altar of Gozag.
  8475 | D:6      | Noticed Blork the orc
  8487 | D:6      | Killed Blork the orc
  8487 | D:6      | Reached XP level 9. HP: 57/57 MP: 10/16
  8501 | D:6      | Noticed Eustachio
  8514 | D:6      | Killed Eustachio
  8514 | D:6      | Reached skill level 8 in Unarmed Combat
  8514 | D:6      | Reached skill level 5 in Spellcasting
  8767 | D:6      | Found a sparkling altar of Nemelex Xobeh.
  9477 | D:6      | Slain by a killer bee

Skill      XL: |  1  2  3  4  5  6  7  8  9 |
---------------+----------------------------+-----
Fighting       | 2 3 |  3.2
Unarmed Combat | 4 5 6 7 8 |  8.5
Transmutations | 3 4 5 6 |  6.0
Spellcasting   | 3 4 5 |  5.3
Invocations    | 2 |  2.7
Dodging        | |  2.0

Action                   |  1- 3 |  4- 6 |  7- 9 || total
-------------------------+-------+-------+-------++-------
Melee: Unarmed           |    89 |    51 |   244 ||   384
       Constrict         |    20 |     9 |    48 ||    77
       Tentacles         |    10 |     4 |    40 ||    54
       Kick              |     9 |     9 |    48 ||    66
       Punch             |     2 |     1 |    12 ||    15
 Fire: Shortbow          |       |       |    17 ||    17
       Hunting sling     |       |       |     4 ||     4
Throw: Stone             |     6 |       |     9 ||    15
 Cast: Beastly Appendage |     5 |     5 |    46 ||    56
       Sticks to Snakes  |       |     3 |    16 ||    19
Invok: Heroism           |       |       |     2 ||     2
  Use: Scroll            |       |       |    15 ||    15
       Potion            |       |       |     3 ||     3
 Stab: Sleeping          |     3 |       |     6 ||     9
  Eat: Chunk             |     2 |     4 |    20 ||    26
       Fruit             |       |       |     1 ||     1
Armor: Skin              |     5 |     2 |     9 ||    16
Dodge: Dodged            |    55 |    25 |   179 ||   259
